 Dungeon Crawl Stone Soup version 0.30-a0-210-g01b79a254e (webtiles) character file.

Game seed: 14167032352711139502

161 Sweetruy1997 the Chopper (level 5, 0/41 HPs)
             Began as a Demonspawn Chaos Knight on Oct 5, 2022.
             Was a Plaything of Xom.
             Slain by an orc
             ... wielding a +0 trident
              (5 damage)
             ... on level 3 of the Dungeon.
             The game lasted 00:05:47 (2360 turns).

Sweetruy1997 the Chopper (Demonspawn Chaos Knight)  Turns: 2360, Time: 00:05:49

Health: 0/41       AC:  6    Str: 12    XL:     5   Next: 18%
Magic:  5/5        EV: 11    Int: 14    God:    Xom [..*...]
Gold:   134        SH:  0    Dex: 14    Spells: 4/4 levels left

rFire   . . .      SeeInvis .    a - +0 hand axe (chaos)
rCold   . . .      Faith    .    (no shield)
rNeg    . . .      Spirit   .    b - +2 leather armour
rPois   .          Reflect  .    (no helmet)
rElec   .          Harm     .    l - +0 cloak
rCorr   .          Rampage  .    (no gloves)
Will    .....                    (no boots)
Stlth   ++........               (no amulet)
HPRegen 0.26/turn                (no ring)
MPRegen 0.18/turn                (no ring)

@: attractive
A: magic regeneration
a: Renounce Religion


You were on level 3 of the Dungeon.
You worshipped Xom.
You were a toy of Xom.
You visited 1 branch of the dungeon, and saw 3 of its levels.

You collected 134 gold pieces.

Inventory:

Hand Weapons
 a - a +0 hand axe of chaos (weapon)
Missiles
 t - 6 javelins
Armour
 b - a +2 leather armour (worn)
 l - a +0 cloak (worn)
Scrolls
 e - 2 scrolls of teleportation
 g - a scroll of poison {unknown}
 h - a scroll of amnesia {unknown}
 j - a scroll of magic mapping {unknown}
 k - 2 scrolls of fear {unknown}
 r - 2 scrolls of summoning {unknown}
Potions
 i - 2 potions of flight
 n - a potion of heal wounds {unknown}
 o - a potion of berserk rage {unknown}
 p - a potion of attraction
 q - a potion of magic {unknown}
 s - a potion of degeneration {unknown}
Miscellaneous
 c - a piece from Xom's chessboard (inert) (quivered)


   Skills:
 + Level 3.6 Fighting
 + Level 4.0 Axes
 + Level 2.4 Armour
 - Level 1.0 Dodging
 + Level 1.9 Stealth
 + Level 1.1 Evocations


You had 4 spell levels left.
You didn't know any spells.
Your spell library was empty.

Dungeon Overview and Level Annotations

Branches:
Dungeon (3/15)

Altars:
Xom


Innate Abilities, Weirdness & Mutations

You regenerate magic rapidly.


Message History

You hit the orc but do no damage.
The orc resists with some effort.
The orc is lightly wounded.
The orc misses you. The orc barely misses you.
The orc hits you with a +0 hand axe!
The orc hits you from afar with a +0 trident.
* * * LOW HITPOINT WARNING * * *
You hit the orc but do no damage.
The orc is poisoned.
The orc is lightly wounded.
The orc hits you with a +0 hand axe.
* * * LOW HITPOINT WARNING * * *
The orc barely misses you. The orc closely misses you.
It was a potion of attraction.
You feel attractive to monsters. The orc hits you but does no damage.
The orc misses you.
The piece from Xom's chessboard is presently inert.
The piece from Xom's chessboard is presently inert.
Welcome back, Sweetruy1997 the Demonspawn Chaos Knight.
Xom titters.
Press ? for a list of commands and other information.
It was a potion of resistance.
You feel protected. The orc hits you with a +0 hand axe.
* * * LOW HITPOINT WARNING * * *
The orc hits you with a +0 hand axe!
* * * LOW HITPOINT WARNING * * *
The orc hits you but does no damage.
It was a potion of curing.
You feel better.
You kill the orc!
The orc throws a silver boomerang.
The silver boomerang hits you.
* * * LOW HITPOINT WARNING * * *
The silver sears you!
* * * LOW HITPOINT WARNING * * *
The orc is attracted toward you. x2
It was a potion of cancellation.
Your magical effects are unravelling.
You feel magically purged.
Your resistance to elements expires.
The orc hits you with a +0 trident.
You die... "Huh?
Did I miss anything?"

........###.# #..#
#.......##.## .######.# #.#
#..# #.......##.## #.# #.#
#..# #.......##.## #.#
#.###..####.########.## #.#
#.#....................
#.###.#.#..####.####.......
.######.......#..#
#.####..##+##
............#.##.#
#.##.........
######........##@#
#.##......... ########.##o#
#.##.........
#####+##o####.##.........
........ยง....<.+.........
...........##.##.........
...........# #.........
...........# #.........
...........# ....######
...........# #####


You could see 2 orcs.

Vanquished Creatures
  Terence (D:2)
  4 gnolls (D:2)
  3 adders
  A worm (D:2)
  2 dart slugs
  4 orcs (D:3)
  2 bats
  5 endoplasms
  7 hobgoblins
  8 jackals (D:2)
  3 ball pythons
  5 frilled lizards
  4 goblins
  4 kobolds
  5 rats
58 creatures vanquished.

Vanquished Creatures (others)
  3 plants (D:1)
3 creatures vanquished.

Grand Total: 61 creatures vanquished

Notes
Turn   | Place    | Note
-------+----------+-------------------------------------------
     0 | D:1      | Sweetruy1997 the Demonspawn Chaos Knight began the quest
                  | for the Orb.
     0 | D:1      | Reached XP level 1. HP: 18/18 MP: 1/1
   124 | D:1      | Reached skill level 3 in Axes
   160 | D:1      | Gained mutation: You regenerate magic rapidly. [demonic
                  | ancestry]
   160 | D:1      | Reached XP level 2. HP: 15/24 MP: 0/2
   272 | D:1      | XOM: silly message
   341 | D:1      | Found a faded altar of an unknown god.
   511 | D:1      | XOM: silly message
   856 | D:2      | Noticed Terence
   878 | D:2      | Killed Terence
   879 | D:2      | Reached XP level 3. HP: 8/29 MP: 3/3
  1001 | D:2      | XOM: smoke on damage
  1053 | D:2      | Reached skill level 1 in Dodging
  1053 | D:2      | Reached skill level 1 in Stealth
  1103 | D:2      | Reached XP level 4. HP: 35/35 MP: 4/4
  1119 | D:2      | XOM: cast spell 'Summon Cactus Giant'
  1165 | D:2      | XOM: fake destruction
  1170 | D:2      | Reached skill level 1 in Evocations
  1383 | D:2      | XOM: noise
  1711 | D:2      | Found a shimmering altar of Xom.
  1910 | D:2      | XOM: silly message
  1986 | D:3      | Reached XP level 5. HP: 34/41 MP: 5/5
  2131 | D:3      | Reached skill level 4 in Axes
  2342 | D:3      | XOM: silly message
  2358 | D:3      | HP: 2/41 [orc/+0 hand axe (7)]
  2360 | D:3      | Slain by an orc

Illustrated notes

Levels and vault maps discovered:
D:1:      onia_arrival_mini_maze, layout_basic,
          shapermc_ecumenical_altar_acropolis
D:2:      layout_loops_ring, basic_altar, uniq_terence
D:3:      layout_basic

Skill      XL: |  1  2  3  4  5 |
---------------+----------------+-----
Axes           | 3 4 |  4.0
Armour         | 2 |  2.4
Dodging        | 1 |  1.0
Stealth        | 1 |  1.9
Evocations     | 1 |  1.1
Fighting       | |  3.6

Action                   |  1- 3 |  4- 6 || total
-------------------------+-------+-------++-------
Melee: Hand axe          |    84 |    94 ||   178
       Punch             |     1 |     2 ||     3
Throw: Throwing net      |       |     1 ||     1
Evoke: Piece from Xom's  |    19 |     5 ||    24
  Use: Scroll            |       |     2 ||     2
       Potion            |       |     4 ||     4
 Stab: Petrified         |     5 |       ||     5
       Confused          |     3 |       ||     3
       Paralysed         |     2 |       ||     2
       Distracted        |       |     1 ||     1
Armor: Leather armour    |    25 |    26 ||    51
Dodge: Dodged            |    52 |    59 ||   111

Table legend: (Time is in decaauts)
 A = Elapsed time spent in this place.
 B = Non-inter-level travel time spent in this place.
 C = Inter-level travel time spent in this place.
 D = Time resting spent in this place.
 E = Time spent auto-exploring this place.
 F = Levels seen in this place.
 G = Mean time per level.
                   A        B        C        D        E       F      G
               +--------+--------+--------+--------+--------+-----+--------+
         Total |   2381 |   2296 |     85 |    191 |   1638 |   3 |  793.7 |
       Dungeon |   2381 |   2296 |     85 |    191 |   1638 |   3 |  793.7 |
               +--------+--------+--------+--------+--------+-----+--------+

Top non-repeatable levels by time:
     D:2: 1078 daAuts
     D:1: 863 daAuts
     D:3: 439 daAuts
